 Dungeon Crawl Stone Soup version 0.31-a0-217-g58bb5d79cf (webtiles) character file.

Game seed: 12775132210233900040

52 qw the Shooter (level 3, 0/21 HPs)
             Began as a Gargoyle Hexslinger on July 2, 2023.
             Slain by a gnoll
             ... wielding a +0 spear
              (4 damage)
             ... on level 2 of the Dungeon.
             The game lasted 00:00:19 (885 turns).

qw the Shooter (Gargoyle Hexslinger)                 Turns: 885, Time: 00:00:20

Health: 0/21       AC:  5    Str: 17    XL:     3   Next: 85%
Magic:  4/4        EV: 12    Int: 13    God:
Gold:   65         SH:  0    Dex: 14    Spells: 3/4 levels left

rFire   . . .        Y - +1 sling
rCold   . . .        (no shield)
rNeg    + . .        c - +0 robe
rPois   inf          (no helmet)
rElec   +            (no cloak)
rCorr   +            (no gloves)
SInv    .            (no boots)
Will    .....        (no amulet)
Stlth   +            d - +6 ring of strength
HPRegen 0.23/turn    f - ring of resist corrosion
MPRegen 0.09/turn

%: no passive effects
@: no status effects
A: sickness immunity, AC +3, negative energy resistance 1, electricity
resistance, torment resistance 1, petrification resistance
a: no special abilities


You were on level 2 of the Dungeon.
You visited 1 branch of the dungeon, and saw 2 of its levels.

You collected 65 gold pieces.


Innate Abilities, Weirdness & Mutations

You are immune to sickness and miasma.
Your stone body is resilient. (AC +3)
You are immune to poison.
You resist negative energy. (rN+)
You are resistant to electric shocks. (rElec)
You are resistant to unholy torment.
You are immune to petrification.


   Skills:
 - Level 2.0 Fighting
 + Level 3.7 Ranged Weapons
 - Level 1.5 Dodging
 - Level 1.0 Spellcasting
 - Level 2.6 Hexes


You had 3 spell levels left.
You knew the following spells:

 Your Spells              Type           Power      Damage    Failure   Level
a - Slow                  Hex            28%        N/A       10%         1

Your spell library contained the following spells:

 Spells                   Type           Power      Damage    Failure   Level
 Inner Flame              Hex/Fire       4%         N/A       43%         3
 Portal Projectile        Hex/Tloc       8%         N/A       43%         3
 Cause Fear               Hex            3%         N/A       67%         4

Inventory:

Hand Weapons
 Y - a +1 sling (weapon)
Armour
 b - a +0 pair of boots
 c - a +0 robe (worn)
Jewellery
 d - a +6 ring of strength (left hand)
 f - a ring of resist corrosion (right hand)
Scrolls
 a - a scroll of revelation {unknown}
Potions
 g - a potion of cancellation {unknown}

Dungeon Overview and Level Annotations

Branches:
Dungeon (2/15)

Altars:


Message History

The sling bullet hits the gnoll!
The gnoll is heavily wounded.
You shoot a sling bullet. The sling bullet hits the gnoll.
The gnoll is heavily wounded.
The gnoll closely misses you.
You shoot a sling bullet. The sling bullet hits the gnoll.
The gnoll is almost dead.
The gnoll barely misses you.
A gnoll comes into view. It is wielding a +0 whip.
You shoot a sling bullet.
The sling bullet barely misses the gnoll.
The gnoll shouts!
The sling bullet hits the gnoll.
You kill the gnoll!
You shoot a sling bullet. The sling bullet hits the gnoll.
The gnoll is moderately wounded.
The gnoll hits you from afar with a +0 spear.
You shoot a sling bullet. The sling bullet hits the gnoll.
The gnoll is severely wounded.
The gnoll hits you with a +5 flail. The gnoll closely misses you.
You shoot a sling bullet. The sling bullet hits the gnoll!
You kill the gnoll!
The gnoll hits you but does no damage. The gnoll misses you.
You shoot a sling bullet. The sling bullet hits the gnoll.
The gnoll is severely wounded.
The gnoll hits you from afar with a +0 spear.
You shoot a sling bullet. The sling bullet hits the gnoll.
The gnoll is almost dead.
The gnoll completely misses you.
You shoot a sling bullet.
The sling bullet closely misses the gnoll. x2
The gnoll closely misses you. The gnoll barely misses you.
You shoot a sling bullet. The sling bullet hits the gnoll.
The gnoll is moderately wounded.
The gnoll misses you.
You shoot a sling bullet. The sling bullet hits the gnoll.
The gnoll is heavily wounded.
The gnoll hits you with a +0 whip.
The gnoll hits you from afar with a +0 spear.
You die...

#.<.8.>.#
#.......#
##8...8####+#
##...##....#####
##'####.......#
#.............#
##..###.......#
.....#.........#
#.#####.#.#@#####
.. #.#.%g.....#
## #.$g.......#
#..)##......#
#..# #......#
...) .......# ...
.......# ..
..######


You could see 2 gnolls.

Vanquished Creatures
  2 gnolls (D:2)
  3 dart slugs
  2 bats (D:1)
  4 endoplasms
  2 goblins (D:1)
  4 hobgoblins
  5 ball pythons (D:1)
  A kobold (D:1)
  3 rats
26 creatures vanquished.

Notes
Turn   | Place    | Note
-------+----------+-------------------------------------------
     0 | D:1      | qw the Gargoyle Hexslinger began the quest for the Orb.
     0 | D:1      | Reached XP level 1. HP: 12/12 MP: 2/2
     0 | D:1      | 0 ||| qw: Version: 0.3-a-40-ge99b1a8
     0 | D:1      | 0 ||| qw: Game counter: 108
     0 | D:1      | 0 ||| qw: Melee chars always use a shield: true
     0 | D:1      | 0 ||| qw: God list: Okawaru
     0 | D:1      | 0 ||| qw: Allow faded altars: false
     0 | D:1      | 0 ||| qw: Do Orc after clearing Dungeon:15 true
     0 | D:1      | 0 ||| qw: Do second Lair branch before Depths: true
     0 | D:1      | 0 ||| qw: Lair rune preference: random
     0 | D:1      | 0 ||| qw: Goals: Normal
     0 | D:1      | 0 ||| PLANNING D:1-11
    74 | D:1      | Reached XP level 2. HP: 16/16 MP: 3/3
    90 | D:1      | Reached skill level 3 in Ranged Weapons
   443 | D:1      | Reached XP level 3. HP: 18/21 MP: 4/4
   774 | D:1      | 774 ||| UPGRADING to +6 ring of strength.
   775 | D:1      | 775 ||| UPGRADING to ring of resist corrosion.
   776 | D:1      | 776 ||| READING scroll labelled IMIRRYMASU.
   780 | D:1      | 780 ||| DROPPING scroll of poison.
   795 | D:2      | 795 ||| STAIRDANCE
   885 | D:2      | HP: 4/21 [gnoll/+0 whip (5)]
   885 | D:2      | Slain by a gnoll

Levels and vault maps discovered:
D:1:      mainiacjoe_arrival_reflecting_pool, layout_basic
D:2:      layout_basic, grunt_ministairs_7

Skill      XL: |  1  2 |
---------------+-------+-----
Ranged Weapons | 3 |  3.7
Fighting       | 2 |  2.0
Dodging        | |  1.5
Spellcasting   | |  1.0
Hexes          | |  2.6

Action                     || total
---------------------------++-------
   Fire: Sling             ||    78
    Use: Scroll            ||     1
 Armour: Robe              ||     4
  Dodge: Dodged            ||    22

Table legend:
 A = Non-vault XP
 B = Vault XP
 C = Vault XP percentage of total XP
 D = Non-vault monster count
 E = Vault monster count
 F = Vault count percentage of total count
                 A         B        C        D         E       F
            +---------+---------+-------+---------+---------+-------
      Total |      72 |       3 |   4.0 |      24 |       2 |   7.7
            +---------+---------+-------+---------+---------+-------
        D:1 |      36 |       0 |   0.0 |      19 |       0 |   0.0
        D:2 |      36 |       3 |   7.7 |       5 |       2 |  28.6
            +---------+---------+-------+---------+---------+-------
